 Dungeon Crawl Stone Soup version 0.21.0-3-g78d12a8 (webtiles) character file.

94 ricardofg the Skirmisher (level 4, -2/29 HPs)
             Began as a Gargoyle Fighter on Jan 11, 2018.
             Killed from afar by ricardofg's ghost (3 damage)
             ... with a magic dart
             ... on level 3 of the Dungeon.
             The game lasted 00:05:14 (1697 turns).

ricardofg the Skirmisher (Gargoyle Fighter)         Turns: 1697, Time: 00:05:14

Health: -2/29      AC: 12    Str: 20    XL:     4   Next: 63%
Magic:  4/4        EV:  7    Int:  9    God:
Gold:   56         SH:  9    Dex:  9    Spells: 3/3 levels left

rFire    . . .     SeeInvis .   a - +0 flail
rCold    . . .     Gourm    .   c - +0 shield
rNeg     + . .     Faith    .   b - +0 scale mail
rPois    ∞         Spirit   .   (no helmet)
rElec    +         Reflect  .   (no cloak)
rCorr    .         Harm     .   (no gloves)
MR       .....     Rnd*Tele +   i - +1 pair of boots
Stlth    ..........             (no amulet)
HPRegen  0.09/turn              e - ring of teleportation (curse)
MPRegen  0.09/turn              (no ring)

@: no status effects
A: negative energy resistance 1, electricity resistance, unbreathing,
petrification resistance, rot immunity, AC +3
a: no special abilities


You were on level 3 of the Dungeon.
You were not hungry.

You visited 1 branch of the dungeon, and saw 3 of its levels.

You collected 56 gold pieces.

Inventory:

Hand Weapons
 a - a +0 flail (weapon)
Armour
 b - a +0 scale mail (worn)
 c - a +0 shield (worn)
 i - a +1 pair of boots (worn)
Jewellery
 e - a cursed ring of teleportation (left hand)
Scrolls
 g - 2 scrolls of identify
 h - 2 scrolls of enchant weapon
 k - a scroll of remove curse {unknown}
 l - a scroll of teleportation {unknown}
 m - a scroll of magic mapping {unknown}
Potions
 d - 2 potions of might
 n - 2 potions of degeneration {unknown}
 o - a potion of heal wounds {unknown}
Comestibles
 f - 3 rations
 j - 6 chunks of flesh


   Skills:
 * Level 4.0 Fighting
 * Level 2.8 Maces & Flails
 * Level 3.9 Armour
 + Level 0.8 Dodging
 * Level 3.9 Shields


You had 3 spell levels left.
You didn't know any spells.

Dungeon Overview and Level Annotations

Branches:
Dungeon (3/15)

Altars:
Qazlal
The Shining One

Annotations:
D:3 ricardofg's ghost, amateur TeWz


Innate Abilities, Weirdness & Mutations

You are resistant to torment.
Your stone body is resilient. (AC +3)
You are immune to poison.
You resist negative energy. (rN+)
You are resistant to electric shocks. (rElec)
You can survive without breathing.
You are immune to petrification.
You are immune to rotting.


Message History

You block ricardofg's ghost's attack.
You closely miss ricardofg's ghost.
Ricardofg's ghost is moderately damaged.
Ricardofg's ghost points at you and mumbles some strange words.
The magic dart hits you!
Ricardofg's ghost points at you and mumbles some strange words.
The magic dart hits you!
Ricardofg's ghost hits you but does no damage.
Ricardofg's ghost gestures at you while chanting.
The magic dart hits you!
* * * LOW HITPOINT WARNING * * *
Found a blackened sapphire ring.
Ricardofg's ghost casts a spell at you. The magic dart hits you!
Ricardofg's ghost casts a spell at you. The magic dart hits you!
* * * LOW HITPOINT WARNING * * *
Ricardofg's ghost casts a spell at you. The magic dart hits you!
You die...

#..#....## #..#....###.
#...........
##.#.#.####.. ##.....#
###...##### #E#...#E#.#
.=. ####...###.# ... ###
#.......@..# #.. ..#
#...._.....# #.## #.#
#..........# #.##.##.#
####...###.### #.# ....
#E#...#E#.#.## #.#####..
###...###.W..###........
##### ###..W..........
#############. #.


You could see an earth elemental, a water elemental, a fire elemental, an air
elemental and ricardofg's ghost.

Vanquished Creatures
  3 gnolls (D:2)
  An ooze (D:3)
  2 worms (D:2)
  A dart slug (D:2)
  A leopard gecko (D:1)
  An orc (D:3)
  8 bats
  3 giant cockroaches
  5 goblins
  10 hobgoblins
  8 kobolds (D:2)
  A quokka (D:2)
  A frilled lizard (D:1)
  5 rats
50 creatures vanquished.

Notes
Turn   | Place    | Note
-------+----------+-------------------------------------------
     0 | D:1      | ricardofg the Gargoyle Fighter began the quest for the Orb.
     0 | D:1      | Reached XP level 1. HP: 14/14 MP: 1/1
   161 | D:1      | Found a glowing golden altar of the Shining One.
   229 | D:1      | Reached XP level 2. HP: 19/19 MP: 2/2
   915 | D:2      | Reached XP level 3. HP: 23/23 MP: 3/3
   951 | D:2      | Reached XP level 4. HP: 12/29 MP: 4/4
  1619 | D:3      | Found a stormy altar of Qazlal.
  1620 | D:3      | Noticed a water elemental
  1622 | D:3      | Noticed an earth elemental
  1622 | D:3      | Noticed a fire elemental
  1622 | D:3      | Noticed an air elemental
  1649 | D:3      | Reached skill level 4 in Fighting
  1656 | D:3      | Noticed ricardofg's ghost (amateur TeWz)
  1693 | D:3      | HP: 1/29 [ricardofg's ghost/magic dart (7)]
  1697 | D:3      | Killed from afar by ricardofg's ghost

Skill      XL: |  1  2  3  4 |
---------------+-------------+-----
Fighting       | 4 |  4.0
Maces & Flails | |  2.8
Armour         | |  3.9
Dodging        | |  0.8
Shields        | |  3.9

Action                   |  1- 3 |  4- 6 || total
-------------------------+-------+-------++-------
Melee: Flail             |   101 |    92 ||   193
  Use: Scroll            |     1 |       ||     1
  Eat: Chunk             |       |     3 ||     3
Armor: Scale mail        |    72 |    61 ||   133
Dodge: Dodged            |    39 |    40 ||    79
Block: Shield            |    69 |    61 ||   130
